 Dungeon Crawl Stone Soup version 0.20-a0-540-ge6d1839 (webtiles) character file.

22 Asddderdsw the Firebug (level 2, 0/20 HPs)
             Began as a Demigod Fire Elementalist on Jan 30, 2017.
             Slain by a gnoll
             ... wielding a +0 whip
              (6 damage)
             ... on level 1 of the Dungeon.
             The game lasted 00:04:50 (1082 turns).

Asddderdsw the Firebug (Demigod Fire Elementalist)  Turns: 1082, Time: 00:04:51

Health: 0/20       AC:  2    Str: 11    XL:     2   Next: 51%
Magic:  2/7        EV: 12    Int: 19    God:
Gold:   75         SH:  0    Dex: 16    Spells: 2/5 levels left

rFire    . . .     SeeInvis .   g - +0 whip
rCold    . . .     Gourm    .   a - +0 robe
rNeg     . . .     Faith    .   (no shield)
rPois    .         Spirit   .   (no helmet)
rElec    .         Reflect  .   (no cloak)
rCorr    .         Harm     .   (no gloves)
MR       .....                  (no boots)
Stlth    ++........             (no amulet)
Regen    0.1/turn               (no ring)
                                (no ring)

@: very slightly contaminated
A: high mp 1
a: no special abilities


You were on level 1 of the Dungeon.
You were hungry.

You visited 1 branch of the dungeon, and saw 1 of its levels.

You collected 75 gold pieces.

Inventory:

Hand Weapons
 g - a +0 whip (weapon)
Armour
 a - a +0 robe (worn)
Scrolls
 e - a scroll of blinking {unknown}
Potions
 d - 2 potions of cure mutation {unknown}
 i - a potion of resistance {unknown}
Books
 b - a book of Flames

   Spells                             Type                      Level
   a - Flame Tongue                   Conjuration/Fire             1
   b - Throw Flame                    Conjuration/Fire             2
   c - Conjure Flame                  Conjuration/Fire             3
   d - Inner Flame                    Hexes/Fire                   3
   e - Sticky Flame                   Conjuration/Fire             4
   f - Fireball                       Conjuration/Fire             5
Comestibles
 c - 2 bread rations
 h - a meat ration


   Skills:
 + Level 0.3 Maces & Flails
 + Level 1.8 Dodging
 + Level 1.7 Stealth
 + Level 2.0 Spellcasting
 + Level 1.2 Conjurations
 + Level 3.1 Fire Magic


You had 2 spell levels left.
You knew the following spells:

 Your Spells              Type           Power        Failure   Level  Hunger
a - Flame Tongue          Conj/Fire      ##...        10%         1    #......
b - Throw Flame           Conj/Fire      ##....       12%         2    ###....


Dungeon Overview and Level Annotations

Branches:
Dungeon (1/15)


Innate Abilities, Weirdness & Mutations

You have an increased reservoir of magic. (+10% MP)


Message History

You are very lightly contaminated with residual magic.
Wisps of smoke drift from your hands. The gnoll misses you.
Casting: Flame Tongue
Confirm with . or Enter, or press ? or * to list all spells.
Aiming: Flame Tongue
Press: ? - help, Shift-Dir - straight line, f/p - gnoll
Aim: a gnoll, wielding a whip (severely wounded)
The flame tongue hits the gnoll.
The gnoll appears unharmed.
The gnoll is severely wounded.
The gnoll hits you with a whip.
* * * LOW HITPOINT WARNING * * *
Casting: Flame Tongue
Confirm with . or Enter, or press ? or * to list all spells.
Aiming: Flame Tongue
Press: ? - help, Shift-Dir - straight line, f/p - gnoll
Aim: a gnoll, wielding a whip (severely wounded)
The flame tongue hits the gnoll.
The gnoll is severely wounded.
The gnoll hits you with a whip.
You die...

#.# #.# #..####..............#
#.# #.# #..##.................
#.# #.## #..##.########.######.
#.# #..# #..##.# #.# #. #.# ##.#
#..##># #.# ## #.# ##.####..##.#
#.# # #.####...##...##.#
#.#######
#.............##g########.#......
######...##.....@.........#.#####
##......###.......####..#...
######.# #######.# #.#.### ##.##
#.# #.##... ##.#.########.##
#.#.### #.###..........# #.#.#..
##.#..########.###.#.#.. ##.#.#
#.'.'.#.'.. ###.## #####.#.#..


You could see a gnoll.

Vanquished Creatures
  A ball python (D:1)
  4 bats (D:1)
  2 giant cockroaches (D:1)
  3 goblins (D:1)
  A hobgoblin (D:1)
  3 kobolds (D:1)
  3 frilled lizards (D:1)
  A rat (D:1)
18 creatures vanquished.

Notes
Turn   | Place    | Note
-------+----------+-------------------------------------------
     0 | D:1      | Asddderdsw the Demigod Fire Elementalist began the quest for the Orb.
     0 | D:1      | Reached XP level 1. HP: 14/14 MP: 5/5
   144 | D:1      | Reached skill level 1 in Conjurations
   291 | D:1      | Reached skill level 3 in Fire Magic
   339 | D:1      | Reached XP level 2. HP: 7/20 MP: 2/7
   581 | D:1      | Learned a level 2 spell: Throw Flame
  1082 | D:1      | Slain by a gnoll

Vault maps used:
D:1:      matt_arrival_los_fun

Skill      XL: |  1 |
---------------+----+-----
Conjurations   | 1 |  1.2
Spellcasting   | 2 |  2.0
Fire Magic     | 3 |  3.1
Maces & Flails | |  0.3
Dodging        | |  1.8
Stealth        | |  1.7

Action                   || total
-------------------------++-------
Melee: Unarmed           ||    10
       Whip              ||    20
 Cast: Flame Tongue      ||    35
 Stab: Sleeping          ||     1
Armor: Robe              ||     9
Dodge: Dodged            ||    34
